 Dungeon Crawl Stone Soup version 0.29.1-4-g47bece8355 (webtiles) character file.

Game seed: 4947578646011984987

116 Hercules1031 the Chopper (level 5, -2/47 HPs)
             Began as a Hill Orc Monk on Dec 7, 2022.
             Slain by a black bear (6 damage)
             ... on level 4 of the Dungeon.
             The game lasted 00:19:27 (3325 turns).

Hercules1031 the Chopper (Hill Orc Monk)            Turns: 3325, Time: 00:19:29

Health: -2/47      AC:  6    Str: 16    XL:     5   Next: 0%
Magic:  5/5        EV:  9    Int: 10    God:
Gold:   61         SH:  7    Dex: 13    Spells: 4/4 levels left

rFire   . . .      SeeInvis +   i - +3 dagger (vamp)
rCold   . . .      Faith    .   t - +0 kite shield
rNeg    . . .      Spirit   .   q - +0 ring mail
rPois   .          Reflect  .   (no helmet)
rElec   .          Harm     .   x - +0 cloak
rCorr   .          Rampage  .   (no gloves)
Will    .....                   (no boots)
Stlth   +.........              (no amulet)
HPRegen 0.15/turn               k - ring of see invisible
MPRegen 0.09/turn               (no ring)

@: no status effects
A: no striking features
a: no special abilities


You were on level 4 of the Dungeon.
You visited 1 branch of the dungeon, and saw 4 of its levels.

You collected 89 gold pieces.
You spent 28 gold pieces at shops.

Inventory:

Hand Weapons
 a - a +0 hand axe
 i - a +3 vampiric dagger (weapon)
 v - a +0 vampiric short sword
Missiles
 p - 32 stones (quivered)
Armour
 q - a +0 ring mail (worn)
 t - a +0 kite shield (worn)
 x - a +0 cloak (worn)
Jewellery
 k - a ring of see invisible (left hand)
Wands
 s - a wand of flame (6)
Scrolls
 d - 6 scrolls of identify
 h - 2 scrolls of torment
 o - a scroll of vulnerability {unknown}
 r - a scroll of brand weapon
Potions
 b - a potion of haste {unknown}
 c - a potion of ambrosia
 e - 2 potions of degeneration
 f - 2 potions of flight {unknown}
 g - a potion of mutation {unknown}
 j - 2 potions of invisibility
 l - a potion of heal wounds {unknown}
 m - a potion of lignification {unknown}
 n - a potion of berserk rage {unknown}
 u - a potion of might {unknown}


   Skills:
 * Level 4.9 Fighting
 + Level 5.5 Axes
 + Level 1.3 Armour
 - Level 2.6 Dodging
 - Level 1.5 Stealth
 + Level 0.4 Shields


You had 4 spell levels left.
You didn't know any spells.
Your spell library contained the following spells:

 Spells                   Type           Power      Damage    Failure   Level
 Ensorcelled Hibernation  Hex/Ice        0%         N/A       98%         2
 Spider Form              Tmut/Pois      0%         N/A       100%        3
 Anguish                  Hex/Necr       0%         N/A       100%        4
 Fulminant Prism          Conj/Hex       0%         3d6       100%        4
 Iskenderun's Mystic Bla  Conj/Tloc      0%         2d3       100%        4
 Lee's Rapid Deconstruct  Erth           0%         3d5*      100%        5


Dungeon Overview and Level Annotations

Branches:
Dungeon (4/15)
 Temple: D:4-7

Altars:
Ashenzari
Elyvilon
Okawaru

Shops:
D:1 :?(?*


Message History

The black bear is almost dead.
You block the black bear's attack. The black bear claws you.
The black bear claws you but does no damage.
You block the black bear's attack. The black bear claws you. x2
You hit the black bear but do no damage.
The black bear is almost dead.
The black bear bites you but does no damage.
The black bear claws you.
The black bear claws you but does no damage.
You block the black bear's attack.
The black bear claws you but does no damage. x2
You hit the black bear but do no damage.
The black bear is almost dead.
You block the black bear's attack. The black bear closely misses you.
The black bear claws you.
* * * LOW HITPOINT WARNING * * *
The black bear bites you but does no damage.
The black bear barely misses you.
The black bear claws you but does no damage.
You hit the black bear.
You feel better.
The black bear is almost dead.
The black bear bites you.
* * * LOW HITPOINT WARNING * * *
You block the black bear's attack. The black bear barely misses you.
Unknown command.
You hit the black bear but do no damage.
The black bear is almost dead.
The black bear bites you but does no damage.
The black bear claws you but does no damage.
You block the black bear's attack. The black bear bites you!
* * * LOW HITPOINT WARNING * * *
You block the black bear's attack.
The black bear claws you but does no damage.
You barely miss the black bear.
The black bear is almost dead.
The black bear bites you.
* * * LOW HITPOINT WARNING * * *
The black bear claws you but does no damage.
You block the black bear's attack. The black bear bites you.
You die...

.##..##.###........
..................#
...#..............#
...#.............##
..................###
....................##
.....................##
...##.................#
....##..........@.....#
...###...<.#...#.h......
...###.....#...###...$..
.....#....##..## ...$..
............... .##..
.......#.....##. .. .
......###..... ##
......####...# .......#
#.#.


You could see a black bear (berserk).

Vanquished Creatures
  Jessica (D:3)
  An adder (D:4)
  2 worms
  4 dart slugs
  3 endoplasms
  2 giant cockroaches
  9 goblins
  6 hobgoblins
  2 jackals (D:1)
  5 quokkas
  6 ball pythons
  5 bats
  3 frilled lizards
  7 kobolds
  5 rats
61 creatures vanquished.

Vanquished Creatures (others)
  3 fungi (D:2)
3 creatures vanquished.

Grand Total: 64 creatures vanquished

Notes
Turn   | Place    | Note
-------+----------+-------------------------------------------
     0 | D:1      | Hercules1031 the Hill Orc Monk began the quest for the Orb.
     0 | D:1      | Reached XP level 1. HP: 19/19 MP: 1/1
     5 | D:1      | Found Iloonyxtei's Magic Scroll Emporium.
    35 | D:1      | Found Nidiyn's General Store.
   371 | D:1      | Reached XP level 2. HP: 11/27 MP: 2/2
   651 | D:1      | Found Zobua's Weapon Boutique.
   829 | D:1      | Found Bybox's Book Emporium.
   892 | D:1      | Found Plog's Magic Scroll Boutique.
   909 | D:1      | Bought a scroll of identify for 28 gold pieces
   963 | D:1      | Reached skill level 5 in Axes
   974 | D:1      | Reached XP level 3. HP: 19/33 MP: 3/3
  1776 | D:2      | Found a faded altar of an unknown god.
  2122 | D:3      | Found an iron altar of Okawaru.
  2156 | D:3      | Found a white marble altar of Elyvilon.
  2215 | D:3      | Found a broken altar of Ashenzari.
  2254 | D:3      | Noticed Jessica
  2261 | D:3      | Killed Jessica
  2262 | D:3      | Reached skill level 1 in Armour
  2262 | D:3      | Reached XP level 4. HP: 28/41 MP: 4/4
  3263 | D:4      | Reached XP level 5. HP: 45/47 MP: 5/5
  3305 | D:4      | Noticed a black bear
  3325 | D:4      | Slain by a black bear

Illustrated notes

Levels and vault maps discovered:
D:1:      minmay_arrival_up_and_down, layout_rooms, serial_shops, shop,
          nicolae_shop_window_shopping, nicolae_square_shop,
          nicolae_diamond_shop, nicolae_shop_stone
D:2:      layout_rooms, shapermc_ecumenical_altar_ellora
D:3:      layout_basic, mainiacjoe_overflow_boulevard,
          mainiacjoe_overflow_alcove_1, mainiacjoe_overflow_cross_hatched,
          uniq_jessica
D:4:      layout_cave_pools, gammafunk_ghost_smash

Skill      XL: |  1  2  3 |
---------------+----------+-----
Axes           | 5 |  5.5
Fighting       | 4 |  4.9
Armour         | 1 |  1.3
Dodging        | |  2.6
Stealth        | |  1.5
Shields        | |  0.4

Action                   |  1- 3 |  4- 6 || total
-------------------------+-------+-------++-------
Melee: Hand axe          |    26 |       ||    26
       Dagger            |   153 |    94 ||   247
       Punch             |     1 |       ||     1
  Use: Scroll            |     4 |     3 ||     7
 Stab: Sleeping          |     5 |       ||     5
Armor: Robe              |    33 |       ||    33
       Ring mail         |     8 |    39 ||    47
       Leather armour    |     2 |       ||     2
Dodge: Dodged            |   106 |    44 ||   150
Block: Kite shield       |       |    35 ||    35
